 Dungeon Crawl Stone Soup version 0.31-a0-232-gb1c03b2570 (webtiles) character file.

Game seed: 6621355093037384063

30 qw the Shooter (level 3, -2/29 HPs)
             Began as a Minotaur Hexslinger on July 7, 2023.
             Slain by a worm (9 damage)
             ... on level 2 of the Dungeon.
             The game lasted 00:00:21 (587 turns).

qw the Shooter (Minotaur Hexslinger)                 Turns: 587, Time: 00:00:21

Health: -2/29      AC:  5    Str: 12    XL:     3   Next: 5%
Magic:  3/3        EV: 11    Int: 10    God:
Gold:   23         SH:  0    Dex: 14    Spells: 3/4 levels left

rFire   . . .        Y - +2 sling
rCold   . . .        (no shield)
rNeg    . . .        h - +0 ring mail
rPois   .            (helmet restricted)
rElec   .            (no cloak)
rCorr   .            (no gloves)
SInv    .            (no boots)
Will    .....        (no amulet)
Stlth   +            (no ring)
HPRegen 0.24/turn    (no ring)
MPRegen 0.08/turn

%: no passive effects
@: no status effects
A: horns 2, retaliatory headbutt
a: no special abilities


You were on level 2 of the Dungeon.
You visited 1 branch of the dungeon, and saw 2 of its levels.

You collected 23 gold pieces.


Innate Abilities, Weirdness & Mutations

You have a pair of horns on your head.
You reflexively headbutt those who attack you in melee.


   Skills:
 - Level 2.0 Fighting
 + Level 3.6 Ranged Weapons
 - Level 2.1 Dodging
 - Level 1.0 Spellcasting
 - Level 2.0 Hexes


You had 3 spell levels left.
You knew the following spells:

 Your Spells              Type           Power      Damage    Failure   Level
a - Slow                  Hex            16%        N/A       34%         1

Your spell library contained the following spells:

 Spells                   Type           Power      Damage    Failure   Level
 Inner Flame              Hex/Fire       2%         N/A       83%         3
 Portal Projectile        Hex/Tloc       4%         N/A       83%         3
 Cause Fear               Hex            2%         N/A       98%         4

Inventory:

Hand Weapons
 Y - a +2 sling (weapon)
Armour
 h - a +0 ring mail (worn)
Wands
 a - a wand of digging (9)
Scrolls
 b - a scroll of identify {unknown}

Dungeon Overview and Level Annotations

Branches:
Dungeon (2/15)

Altars:

Shops:
D:1 =***


Message History

The adder bites you but does no damage. The adder barely misses you.
You shoot a sling bullet.
The sling bullet closely misses the adder.
The adder bites you but does no damage. The adder bites you.
The worm barely misses you.
You shoot a sling bullet.
The sling bullet barely misses the adder.
The adder closely misses you. The adder barely misses you.
You furiously retaliate!
You headbutt the adder!
You kill the adder!
Your life force feels restored.
You have reached level 3!
Your experience leads to an increase in your attributes!
Increase (S)trength, (I)ntelligence, or (D)exterity?
You feel agile. x2
You shoot a sling bullet.
The sling bullet barely misses the worm.
The worm closely misses you.
You shoot a sling bullet. The sling bullet hits the worm.
The worm is moderately wounded.
The worm bites you.
You shoot a sling bullet.
The sling bullet barely misses the worm.
The worm bites you.
You shoot a sling bullet. The sling bullet hits the worm.
The worm is lightly wounded.
The worm closely misses you.
You shoot a sling bullet.
The sling bullet hits the worm but does no damage.
The worm is lightly wounded.
You shoot a sling bullet. The sling bullet hits the worm.
The worm is heavily wounded.
The worm bites you.
You shoot a sling bullet. The sling bullet hits the worm.
The worm is heavily wounded.
The worm bites you!
You shoot a sling bullet. The sling bullet hits the worm.
The worm is heavily wounded.
The worm bites you!
You die...

.######
....?..###########
...............
#..#......[..
#.[w%######.#
......#......##.# .#
...##
######.##.########## ...
. ..###.w...........##.#
#........@#########.#..##
#...........#######......
#...#######.....#....#
### #####..<...##
#.<.....# #.......#
#.......# ##.....##
##..[..##


You could see a worm.

Vanquished Creatures
  An adder (D:2)
  An endoplasm (D:1)
  A giant cockroach (D:1)
  A hobgoblin (D:1)
  4 quokkas (D:1)
  3 ball pythons
  3 bats (D:1)
  A frilled lizard (D:1)
  A goblin (D:1)
  2 kobolds (D:1)
  3 rats
21 creatures vanquished.

Notes
Turn   | Place    | Note
-------+----------+-------------------------------------------
     0 | D:1      | qw the Minotaur Hexslinger began the quest for the Orb.
     0 | D:1      | Reached XP level 1. HP: 16/16 MP: 1/1
     0 | D:1      | 0 ||| qw: Version: 0.3-a-46-gb1f654a
     0 | D:1      | 0 ||| qw: Game counter: 2521
     0 | D:1      | 0 ||| qw: Melee chars always use a shield: true
     0 | D:1      | 0 ||| qw: God list: Okawaru
     0 | D:1      | 0 ||| qw: Allow faded altars: false
     0 | D:1      | 0 ||| qw: Do Orc after clearing Dungeon:15 true
     0 | D:1      | 0 ||| qw: Do second Lair branch before Depths: true
     0 | D:1      | 0 ||| qw: Lair rune preference: random
     0 | D:1      | 0 ||| qw: Goals: Normal
     0 | D:1      | 0 ||| PLANNING D:1-11
    56 | D:1      | Found Ypyumm's Assorted Antiques.
    68 | D:1      | 68 ||| SHOPLISTING brown potion (22 gold, have 0).
    68 | D:1      | 68 ||| SHOPLISTING glowing longbow (237 gold, have 0).
    68 | D:1      | 68 ||| SHOPLISTING inky potion (22 gold, have 0).
    68 | D:1      | 68 ||| SHOPLISTING scroll labelled PAFURI SAUQIKHI (25
                  | gold, have 0).
    68 | D:1      | 68 ||| SHOPLISTING scroll labelled ROUPNO UFFADEPP (25
                  | gold, have 0).
    68 | D:1      | 68 ||| SHOPLISTING sedimented inky potion (22 gold, have
                  | 0).
    68 | D:1      | 68 ||| SHOPLISTING twisted moonstone ring (125 gold, have
                  | 0).
    73 | D:1      | Found Atrusahipp's General Store.
    76 | D:1      | 76 ||| SHOPLISTING +0 leather armour (22 gold, have 0).
    76 | D:1      | 76 ||| SHOPLISTING potion of enlightenment (55 gold, have
                  | 0).
    76 | D:1      | 76 ||| SHOPLISTING potion of heal wounds (55 gold, have 0).
    76 | D:1      | 76 ||| SHOPLISTING scroll of teleportation (33 gold, have
                  | 0).
    95 | D:1      | Reached skill level 3 in Ranged Weapons
   148 | D:1      | Reached XP level 2. HP: 23/23 MP: 2/2
   148 | D:1      | Found Mupsul Goim's Jewellery Shop.
   167 | D:1      | 167 ||| SHOPLISTING +6 ring of strength (468 gold, have 0).
   167 | D:1      | 167 ||| SHOPLISTING amulet of reflection (390 gold, have
                  | 0).
   167 | D:1      | 167 ||| SHOPLISTING amulet of the acrobat (390 gold, have
                  | 0).
   167 | D:1      | 167 ||| SHOPLISTING ring of protection from cold (325 gold,
                  | have 0).
   167 | D:1      | 167 ||| SHOPLISTING ring of protection from fire (325 gold,
                  | have 0).
   167 | D:1      | 167 ||| SHOPLISTING ring of resist corrosion (260 gold,
                  | have 0).
   167 | D:1      | 167 ||| SHOPLISTING ring of willpower (325 gold, have 0).
   443 | D:1      | Found Qaylots's Assorted Antiques.
   451 | D:1      | 451 ||| SHOPLISTING emerald potion (24 gold, have 11).
   451 | D:1      | 451 ||| SHOPLISTING scroll labelled MUANKI ROUWN (27 gold,
                  | have 11).
   451 | D:1      | 451 ||| SHOPLISTING scroll labelled ROUPNO UFFADEPP (27
                  | gold, have 11).
   487 | D:1      | 487 ||| UPGRADING to +0 ring mail.
   497 | D:1      | 497 ||| DROPPING +0 robe.
   498 | D:1      | 498 ||| READING scroll labelled CEARRUSUUSCH.
   499 | D:1      | 499 ||| READING scroll labelled TUXUDY ZIBECHE.
   500 | D:1      | 500 ||| READING scroll labelled OTIPPOELUM.
   501 | D:1      | 501 ||| READING scroll labelled FYENTIUNTOGIR.
   502 | D:1      | 502 ||| READING scroll labelled ROUPNO UFFADEPP.
   506 | D:1      | 506 ||| DROPPING scroll of poison.
   566 | D:2      | 566 ||| FLEEEEING.
   567 | D:2      | 567 ||| FLEEEEING.
   568 | D:2      | 568 ||| FLEEEEING.
   569 | D:2      | 569 ||| FLEEEEING.
   570 | D:2      | 570 ||| FLEEEEING.
   571 | D:2      | 571 ||| FLEEEEING.
   580 | D:2      | Reached XP level 3. HP: 25/29 MP: 3/3
   586 | D:2      | HP: 7/29 [worm (8)]
   587 | D:2      | Slain by a worm

Levels and vault maps discovered:
D:1:      giann_forest_graveyard, layout_rooms, serial_shops,
          nicolae_shop_gaudy_bauble, shop, nicolae_shop_statue_plus,
          nicolae_shop_tiny_real_fake_doors
D:2:      layout_rooms, serial_shops, nicolae_shop_bloodbath_and_beyond,
          basic_altar, uniq_natasha, uniq_sigmund

Skill      XL: |  1  2 |
---------------+-------+-----
Ranged Weapons | 3 |  3.6
Fighting       | 2 |  2.0
Dodging        | |  2.1
Spellcasting   | |  1.0
Hexes          | |  2.0

Action                     || total
---------------------------++-------
   Fire: Sling             ||    75
    Use: Scroll            ||     5
 Armour: Robe              ||    11
         Ring mail         ||     3
  Dodge: Dodged            ||    24

Table legend:
 A = Non-vault XP
 B = Vault XP
 C = Vault XP percentage of total XP
 D = Non-vault monster count
 E = Vault monster count
 F = Vault count percentage of total count
                 A         B        C        D         E       F
            +---------+---------+-------+---------+---------+-------
      Total |      44 |       0 |   0.0 |      21 |       0 |   0.0
            +---------+---------+-------+---------+---------+-------
        D:1 |      27 |       0 |   0.0 |      18 |       0 |   0.0
        D:2 |      17 |       0 |   0.0 |       3 |       0 |   0.0
            +---------+---------+-------+---------+---------+-------
